 Dungeon Crawl Stone Soup version 0.23.1 (webtiles) character file.

Game seed: 17756700124722869763

90 Borgoz the Sneak (level 4, 0/33 HPs)
             Began as a Ghoul Enchanter on Mar 13, 2019.
             Slain by a worker ant (1 damage)
             ... on level 3 of the Dungeon.
             The game lasted 00:03:12 (2264 turns).

Borgoz the Sneak (Ghoul Enchanter)                  Turns: 2264, Time: 00:03:13

Health: 0/33       AC:  6    Str: 14      XL:     4   Next: 56%
Magic:  5/5        EV: 11    Int: 10      God:
Gold:   143        SH:  0    Dex:  9 (10) Spells: 5/6 levels left

rFire    . . .     SeeInvis .   k - +1 short sword
rCold    + . .     Gourm    .   (no shield)
rNeg     + + +     Faith    .   h - +1 ring mail
rPois    ∞         Spirit   .   (no helmet)
rElec    .         Reflect  .   (no cloak)
rCorr    .         Harm     .   (no gloves)
MR       .....                  (no boots)
Stlth    +.........             (no amulet)
HPRegen  0.00/turn              m - +3 ring of strength
MPRegen  0.09/turn              a - ring of positive energy (curse)

@: rotting
A: rotting body, claws 1, carnivore, cold resistance 1, negative energy
resistance 3, inhibited regeneration, torment resistance, unbreathing
a: no special abilities


You were on level 3 of the Dungeon.
You were not hungry.

You visited 1 branch of the dungeon, and saw 4 of its levels.

You collected 143 gold pieces.

Inventory:

Hand Weapons
 k - a +1 short sword (weapon)
Armour
 c - a +0 leather armour
 h - a +1 ring mail (worn)
Jewellery
 a - a cursed ring of positive energy (right claw)
 i - an uncursed ring of magical power
 m - a +3 ring of strength (left claw)
Scrolls
 g - a scroll of enchant armour
 j - 2 scrolls of identify
Comestibles
 d - 5 rations


   Skills:
 + Level 2.0 Short Blades
 * Level 2.5 Armour
 + Level 2.5 Dodging
 - Level 3.2 Stealth
 - Level 1.7 Spellcasting
 - Level 2.4 Hexes


You had 5 spell levels left.
You knew the following spells:

 Your Spells              Type           Power        Failure   Level  Hunger
a - Corona                Hex            #......      24%         1    ##.....

Your spell library contained the following spells:

 Spells                   Type           Power        Failure   Level  Hunger
 Ensorcelled Hibernation  Hex/Ice        #.....       52%         2    ###....
 Confuse                  Hex            #.......     56%         3    ####...
 Tukima's Dance           Hex            #.......     56%         3    ####...
 Dazzling Spray           Conj/Hex       #.....       75%         3    ####...


Dungeon Overview and Level Annotations

Branches:
Dungeon (4/15)
 Temple: D:4-7

Altars:
Xom
Yredelemnul


Innate Abilities, Weirdness & Mutations

Your body is rotting away.
You thrive on raw meat.
You are immune to poison.
You have sharp fingernails.
You are carnivorous and can eat meat at any time.
Your flesh is cold resistant. (rC+)
You are immune to negative energy. (rN+++)
You do not regenerate when monsters are visible.
You are immune to unholy pain and torment.
You can survive without breathing.


Message History

The frilled lizard bites you but does no damage.
The worker ant bites you.
* * * LOW HITPOINT WARNING * * *
You hit the frilled lizard.
You kill the frilled lizard!
The worker ant bites you.
* * * LOW HITPOINT WARNING * * *
Your ring mail prevents you from hitting the worker ant.
The worker ant is moderately wounded.
The worker ant misses you. The worker ant bites you.
* * * LOW HITPOINT WARNING * * *
Okay, then.
You puncture the worker ant!
The worker ant is severely wounded.
The worker ant bites you.
* * * LOW HITPOINT WARNING * * *
Your ring mail prevents you from hitting the worker ant.
The worker ant is severely wounded.
The worker ant bites you.
You die...

### ### # #
###_###8### .#
##.#.##8...8...8##.#
.....##.........##.#
.#.#8........a>#.#
####........@####
#...##8...8...8###
#.# ###_###8### #
### ###


You could see a worker ant.

Vanquished Creatures
  A hound (D:3)
  3 adders
  2 adder zombies (D:2)
  3 bats
  A bat skeleton (D:2)
  3 giant cockroaches (D:1)
  4 goblins (D:2)
  2 hobgoblins (D:1)
  3 kobolds (D:1)
  2 ball pythons
  A frilled lizard (D:3)
  3 rats (D:1)
28 creatures vanquished.

Notes
Turn   | Place    | Note
-------+----------+-------------------------------------------
     0 | D:1      | Borgoz the Ghoul Enchanter began the quest for the Orb.
     0 | D:1      | Reached XP level 1. HP: 14/14 MP: 2/2
    31 | D:1      | Reached skill level 1 in Short Blades
   195 | D:1      | Reached XP level 2. HP: 12/20 MP: 3/3
   518 | D:1      | Reached skill level 1 in Armour
  1357 | D:2      | Reached XP level 3. HP: 21/26 MP: 4/4
  1918 | D:2      | Noticed a moth of wrath
  1919 | D:2      | You fall through a shaft for 2 floors!
  1938 | D:3      | Found a shimmering altar of Xom.
  1938 | D:3      | Found a basalt altar of Yredelemnul.
  1949 | D:3      | Reached XP level 4. HP: 8/33 MP: 5/5
  2263 | D:3      | HP: 1/33 [worker ant (2)]
  2264 | D:3      | Slain by a worker ant

Skill      XL: |  1  2  3  4 |
---------------+-------------+-----
Short Blades   | 1 2 |  2.0
Armour         | 1 2 |  2.5
Dodging        | 2 |  2.5
Stealth        | |  3.2
Spellcasting   | |  1.7
Hexes          | |  2.4

Action                   |  1- 3 |  4- 6 || total
-------------------------+-------+-------++-------
Melee: Dagger            |    49 |       ||    49
       Short sword       |    82 |    25 ||   107
  Use: Scroll            |     5 |     1 ||     6
       Potion            |     4 |       ||     4
 Stab: Sleeping          |     2 |       ||     2
  Eat: Chunk             |     6 |       ||     6
Armor: Robe              |     1 |       ||     1
       Leather armour    |    17 |       ||    17
       Ring mail         |     9 |     7 ||    16
Dodge: Dodged            |    99 |    29 ||   128
